 Dungeon Crawl Stone Soup version 0.17.0-28-g6e173f8 (webtiles) character file.

114740 inmateoo the Stickfighter (level 16, -13/90 HPs)
             Began as a Formicid Gladiator on Nov 22, 2015.
             Was the Champion of Okawaru.
             Mangled by a spatial maelstrom (15 damage)
             ... on level 3 of the Abyss.
             The game lasted 00:47:01 (25714 turns).

inmateoo the Stickfighter (Formicid Gladiator)     Turns: 25714, Time: 00:47:02

Health: -13/90     AC: 24    Str: 30      XL:     16   Next: 83%
Magic:  14/14      EV: 12    Int:  2 (3)  God:    Okawaru [******]
Gold:   1911       SH: 23    Dex: 12      Spells: 0 memorised, 15 levels left

rFire  . . .     SeeInvis +     i - +4 lajatang of Purpose {flame, *Noise rPois Str+3 Int-2}
rCold  + + .     Clarity  +     o - +0 crystal plate armour
rNeg   + . .     SustAt   .     e - +2 large shield {reflect}
rPois  +         Gourm    .     (helmet unavailable)
rElec  .         Spirit   .     Z - +2 cloak {+Inv}
rCorr  .         Warding  +     P - +1 pair of gloves {Dex+3}
rMut   .         Stasis   +     (no boots)
MR     ++...                    S - amulet of warding
Stlth  ..........               X - +5 ring of strength
                                b - ring of protection from magic

@: heroism, very resistant to hostile enchantments, extremely unstealthy
A: permanent stasis, dig shafts and tunnels, four strong arms, antennae 3,
talons 1, agile 1, blurry vision 3, clarity, clumsy 2, cold resistance 2,
deformed body, deterioration 2, dopey 2, frail 3, low mp 3, poison resistance,
screaming 3, slow regeneration 1, weak 2, no device heal 2, subdued magic 3,
MP-powered wands
a: Dig, Shaft Self, Heroism, Renounce Religion, Evoke Invisibility
}: 1/15 runes: abyssal


You were on level 3 of the Abyss.
You worshipped Okawaru.
Okawaru was exalted by your worship.
You were near starving.

You visited 3 branches of the dungeon, and saw 22 of its levels.
You visited the Abyss 1 time.
You also visited: Bailey.

You collected 1941 gold pieces.
You spent 30 gold pieces at shops.

Inventory:

Hand Weapons
 a - a +1 quarterstaff of crushing
 i - the +4 lajatang of Purpose (weapon) {flame, *Noise rPois Str+3 Int-2}
   (You found it in a bailey)

   It has been specially enchanted to burn those struck by it, causing extra
   injury to most foes and up to half again as much damage against particularly
   susceptible opponents.
   Big, fiery blades are also staple armaments of hydra-hunters.
   It affects your strength (+3).
   It affects your intelligence (-2).
   It protects you from poison.
   It may make noises in combat.
Missiles
 u - 2 throwing nets (quivered)
Armour
 e - a +2 large shield of reflection (worn)
 o - a +0 crystal plate armour (worn)
 t - a +1 cloak
 P - a +1 pair of gloves of dexterity (worn)
 Z - a +2 cloak of invisibility (worn)
Jewellery
 b - a ring of protection from magic (left hand)
 D - an uncursed ring of sustain attributes
 I - an uncursed ring of poison resistance
 M - an uncursed ring of flight
 S - an amulet of warding (around neck)
 X - a +5 ring of strength (right hand)
Wands
 c - a wand of confusion (7)
 x - a wand of cold (7)
 y - a wand of enslavement (17)
 z - a wand of polymorph (9)
 A - a wand of cold (3)
 F - a wand of enslavement (7)
 G - a wand of cold (4)
 H - a wand of heal wounds (0)
 O - a wand of polymorph (19)
 Q - a wand of cold (9)
 T - a wand of paralysis (12)
 Y - a wand of paralysis (13)
Scrolls
 g - 4 scrolls of magic mapping
 k - 2 scrolls of fog
 l - 13 scrolls of remove curse
 n - a scroll of identify
 B - 3 scrolls of enchant weapon
 E - 2 scrolls of fear
 J - 6 scrolls of amnesia
Potions
 f - 4 potions of curing
 h - a potion of cure mutation
 p - 2 potions of might
 s - a potion of invisibility
 v - a potion of resistance
 C - 5 potions of brilliance
 L - 2 potions of agility
 R - a potion of magic
 U - a potion of lignification
Miscellaneous
 V - a lamp of fire (inert)
 W - a phial of floods (inert)
Comestibles
 d - 14 bread rations
 m - 8 meat rations
 r - 8 fruits
 w - 5 beef jerkies


   Skills:
 + Level 12.4(17.4) Fighting
 * Level 15.5(20.5) Staves
 + Level 9.8(14.8) Throwing
 + Level 12.6(17.6) Armour
 + Level 9.0(14.0) Dodging
 * Level 9.7(14.7) Shields
 - Level 7.1 Invocations
 + Level 4.2 Evocations


You had 15 spell levels left.
You didn't know any spells.

Dungeon Overview and Level Annotations

Branches:
Dungeon (13/15)            Temple (1/1) D:6            Lair (8/8) D:9
 Shoals (0/4) Lair:4       Spider (0/4) Lair:5        Slime (0/6) Lair:8
    Orc (0/4) D:12
 Vaults: D:13-14

Altars:
Ashenzari
Cheibriados
Dithmenos
Elyvilon
Fedhas
Gozag
Kikubaaqudgha
Makhleb
Nemelex Xobeh
Okawaru
Qazlal
Ru
Sif Muna
Trog
Vehumet
Xom
Yredelemnul
Zin
The Shining One

Shops:
D:7 *   D:12 (


Innate Abilities, Weirdness & Mutations

You are under a permanent stasis effect.
You can dig through walls and to a lower floor.
Your four strong arms can wield two-handed weapons with a shield.
You have a pair of large antennae on your head (SInv).
You have sharp toenails.
You are agile. (Dex +2)
You possess an exceptional clarity of mind.
Your flesh is very cold resistant.
Your system is resistant to poisons.
[Scrolls take you much longer to read.]
[You are very clumsy. (Dex -4)]
[Armour fits poorly on your strangely shaped body.]
[Your body often deteriorates upon taking damage.]
[You are very dopey. (Int -4)]
[You are extremely frail (-30% HP).]
[Your magical capacity is extremely low (-30% MP).]
[You frequently scream uncontrollably at your foes.]
[You regenerate slowly when monsters are visible.]
[You are very weak. (Str -4)]
[Potions and wands are poor at restoring your health.]
[Your spells are much easier to cast, but much less powerful.]
[You expend magic power (3 MP) to strengthen your wands.]


Message History

The spatial maelstrom barely misses you.
You block the spatial vortex's attack. The raiju bites you.
* * * LOW HITPOINT WARNING * * *
The raiju shocks you.
* * * LOW HITPOINT WARNING * * *
A spatial vortex comes into view.
Unknown command.
Unknown command.
Unknown command.
Drink which item? (? for menu, Esc to quit)
Okay, then.
Drink which item? (? for menu, Esc to quit)
You feel better. You block the raiju's attack.
The raiju bursts into living lightning!
The living lightning misses you.
The living lightning hits the spatial vortex.
The spatial vortex resists.
The raiju blinks!
The spatial maelstrom hits you.
* * * LOW HITPOINT WARNING * * *
Space warps horribly around you!
You die...

..# ).. ## ... .. .# ..
# ##. # #.# #. .. #x {
.. h_#.##. ...#. ..v#. .
#.## .###.###y#.# .. ..
...#...#.@#.# #[. #..
#...#..tvh#
#.###.###.###.h**### #
R. . #Rh.#R##.x.## § #..
..§.#..§#th..v. ..
####(t#..#.#§#...v......
. y.##.#{#h.#........v..
# ## § {#h.#t...v.......
... # †##...............


You could see a spatial maelstrom, 2 wretched stars, 5 spatial vortices, 2 fire
crabs, an efreet, 4 raiju, a small abomination and a killer bee.

Vanquished Creatures
  3 tentacled starspawn
  2 vault guards (D:13)
  9 hydras
  5 catoblepae
  Erica (D:10)
  3 centaur warriors (D:13)
  A thrashing horror (Abyss:1)
  24 death yaks
  2 orc high priests (Abyss:1)
  The ghost of inmateoo the Destroyer, a journeyman OpCj of Vehumet (D:10)
  A tengu warrior (D:13)
  Nergalle (D:10)
  6 wretched stars
  An unseen horror (D:13)
  A deep elf summoner (Abyss:1)
  A swamp dragon (Abyss:3)
  A wizard (D:13)
  A shadow demon (Abyss:1)
  7 hill giants
  Pikel (D:6)
  2 orc knights (Bailey)
  A lindwurm (Lair:8)
  A manticore (D:11)
  3 griffons
  3 worldbinders
  A cyclops (D:10)
  6 ugly things
  A dire elephant zombie (Abyss:1)
  9 black mambas
  An orange demon (Abyss:2)
  A gargoyle (D:12)
  4 elephants (Lair:2)
  2 smoke demons (Abyss:3)
  19 spiny frogs
  An efreet (D:11)
  3 kobold demonologists
  7 komodo dragons
  The ghost of Alethiolet the Chopper, an amateur HOCK of Xom (D:8)
  4 trolls
  A queen bee (Abyss:3)
  A polar bear (Lair:7)
  A raiju (Abyss:1)
  18 blink frogs
  A freezing wraith (Abyss:2)
  2 slime creatures (D:13)
  A two-headed ogre (D:13)
  A hornet zombie (D:12)
  A snapping turtle (Lair:4)
  A trapdoor spider (Lair:5)
  3 shadows
  A spriggan (Lair:6)
  3 wyverns
  41 yaks
  15 centaurs
  2 large abominations
  4 basilisks
  8 humans (D:13)
  2 hungry ghosts
  4 hippogriffs
  14 wolves
  27 giant frogs
  A mottled dragon (D:11)
  14 water moccasins
  7 porcupines
  Duvessa (D:7)
  6 black bears
  6 sky beasts
  2 wasps
  14 orc warriors
  A slave (D:6)
  6 ice beasts
  2 necrophages
  8 ogres
  6 phantoms
  2 boggarts (Abyss:1)
  The ghost of bart the Poker, an amateur MfWr (D:3)
  3 small abominations
  Blork the orc (D:6)
  A big kobold (D:9)
  13 crocodiles
  An earth elemental (Abyss:1)
  Dowan (D:7)
  7 scorpions
  A wyvern skeleton (D:10)
  A water moccasin skeleton (D:9)
  14 killer bees
  An electric eel (Lair:6)
  5 crimson imps
  A quasit (Abyss:2)
  3 centaur zombies
  A centaur skeleton (D:7)
  7 jellies
  A hound (D:12)
  2 giant frog zombies
  2 giant frog skeletons
  12 iguanas
  An iron imp (Abyss:1)
  14 orc wizards
  10 orc priests
  36 sheep
  12 worker ants
  3 hound skeletons
  19 gnolls
  75 river rats
  17 adders
  9 shadow imps
  5 oozes
  3 adder zombies
  4 adder skeletons
  4 worms
  5 giant geckos
  64 orcs
  5 giant cockroaches
  7 goblins
  13 hobgoblins
  4 jackals
  3 quokkas
  4 ball pythons
  10 bats
  5 giant newts
  16 kobolds
  3 quokka skeletons
  3 rats
  2 fungi (Lair:8)
805 creatures vanquished.

Vanquished Creatures (collateral kills)
  An ugly thing (Abyss:3)
  A large abomination (Abyss:3)
2 creatures vanquished.

Vanquished Creatures (others)
  A yak (D:9)
  2 slaves (D:6)
  2 killer bees (Abyss:3)
  A crimson imp (D:6)
  2 small abominations
  A gnoll (D:6)
  17 fungi
  10 plants
  15 starspawn tentacles
  273 starspawn tentacle segments
324 creatures vanquished.

Grand Total: 1131 creatures vanquished

Notes
Turn   | Place    | Note
--------------------------------------------------------------
     0 | D:1      | inmateoo the Formicid Gladiator began the quest for the Orb.
     0 | D:1      | Reached XP level 1. HP: 16/16 MP: 1/1
    40 | D:1      | Reached XP level 2. HP: 13/23 MP: 2/2
   475 | D:1      | Reached XP level 3. HP: 24/28 MP: 3/3
  1216 | D:2      | Found a radiant altar of Vehumet.
  1235 | D:2      | Reached skill level 1 in Armour
  1235 | D:2      | Reached XP level 4. HP: 19/34 MP: 4/4
  1653 | D:2      | Reached skill level 4 in Staves
  1653 | D:2      | Reached XP level 5. HP: 41/41 MP: 5/5
  2002 | D:3      | Noticed bart's ghost (amateur MfWr)
  2026 | D:3      | Killed bart's ghost
  2026 | D:3      | Reached XP level 6. HP: 20/47 MP: 6/6
  2520 | D:3      | Found a deep blue altar of Sif Muna.
  2521 | D:3      | Found an opulent altar of Gozag.
  2547 | D:3      | Found a shattered altar of Ashenzari.
  2644 | D:3      | Noticed a sky beast
  2668 | D:3      | Killed a sky beast
  2668 | D:3      | Reached skill level 5 in Staves
  2678 | D:3      | Gained mutation: Your flesh is cold resistant. [mutagenic meat]
  3009 | D:4      | Reached XP level 7. HP: 53/53 MP: 7/7
  3087 | D:4      | Gained mutation: Your flesh is very cold resistant. [potion of mutation]
  3087 | D:4      | Gained mutation: Your system is resistant to poisons. [potion of mutation]
  3087 | D:4      | Gained mutation: You have sharp toenails. [potion of mutation]
  3868 | D:4      | Reached skill level 6 in Staves
  4179 | D:5      | Entered Level 5 of the Dungeon
  4339 | D:5      | Reached XP level 8. HP: 56/60 MP: 8/8
  4958 | D:5      | Reached skill level 5 in Fighting
  5157 | D:5      | Reached skill level 7 in Staves
  5286 | D:6      | Found a staircase to the Ecumenical Temple.
  5304 | Temple   | Entered the Ecumenical Temple
  5706 | D:6      | Reached skill level 5 in Armour
  5706 | D:6      | Reached XP level 9. HP: 58/68 MP: 9/9
  5775 | D:6      | Noticed Blork the orc
  5786 | D:6      | Killed Blork the orc
  5794 | D:6      | Noticed Pikel
  5808 | D:6      | Killed Pikel
  5808 | D:6      | Reached skill level 8 in Staves
  6990 | D:7      | Found Saiddipi's Assorted Antiques.
  6997 | D:7      | Bought a scroll labeled QYARET PIFADISEOR for 30 gold pieces
  7055 | D:7      | Noticed Duvessa
  7055 | D:7      | Noticed Dowan
  7091 | D:7      | Killed Duvessa
  7091 | D:7      | Reached XP level 10. HP: 61/77 MP: 10/10
  7093 | D:7      | Killed Dowan
  7093 | D:7      | Reached skill level 5 in Throwing
  7228 | D:7      | Found an iron altar of Okawaru.
  7228 | D:7      | Found a snail-covered altar of Cheibriados.
  7269 | D:7      | Became a worshipper of Warmaster Okawaru
  7338 | D:7      | Reached skill level 9 in Staves
  7886 | D:7      | Found a shadowy altar of Dithmenos.
  8123 | D:7      | Reached * piety under Okawaru
  8698 | D:8      | Noticed Alethiolet's ghost (amateur HOCK)
  8704 | D:8      | Killed Alethiolet's ghost
  8747 | D:8      | Found a flagged portal.
  8768 | Bailey   | Entered a bailey
  8941 | Bailey   | Noticed an orc knight
  8941 | Bailey   | Noticed an orc knight
  8951 | Bailey   | Killed an orc knight
  8951 | Bailey   | Reached ** piety under Okawaru
  8951 | Bailey   | Reached skill level 10 in Staves
  8967 | Bailey   | Killed an orc knight
  9003 | Bailey   | Got an ancient lajatang
  9004 | Bailey   | Identified the +4 lajatang of Purpose {flame, *Noise rPois Str+3 Int-2} (You found it in a bailey)
  9294 | D:8      | Reached XP level 11. HP: 69/86 MP: 11/11
  9764 | D:8      | Reached *** piety under Okawaru
  9939 | D:9      | Found a shimmering altar of Xom.
 10321 | D:9      | Reached **** piety under Okawaru
 10362 | D:9      | Reached skill level 11 in Staves
 10469 | D:9      | Found a staircase to the Lair.
 10477 | D:9      | Found a shimmering altar of Xom.
 11112 | D:10     | Entered Level 10 of the Dungeon
 11294 | D:10     | Noticed a hill giant
 11312 | D:10     | Killed a hill giant
 11537 | D:10     | Noticed Erica
 11543 | D:10     | Killed Erica
 11543 | D:10     | Reached ***** piety under Okawaru
 11544 | D:10     | Noticed a hill giant
 11553 | D:10     | Killed a hill giant
 11553 | D:10     | Received a gift from Okawaru
 11553 | D:10     | Reached XP level 12. HP: 70/95 MP: 12/12
 11587 | D:10     | Noticed a cyclops
 11612 | D:10     | Killed a cyclops
 11616 | D:10     | Noticed inmateoo's ghost (journeyman OpCj)
 11624 | D:10     | HP: 3/95 [battlesphere[inmateoo's ghost] (23)]
 12006 | D:10     | Killed inmateoo's ghost
 12006 | D:10     | Reached skill level 5 in Dodging
 12051 | D:10     | Noticed Nergalle
 12067 | D:10     | Killed Nergalle
 12067 | D:10     | Received a gift from Okawaru
 12390 | D:10     | Reached skill level 12 in Staves
 12685 | D:11     | Received a gift from Okawaru
 13490 | D:11     | Received a gift from Okawaru
 13621 | D:11     | Reached skill level 10 in Armour
 13648 | D:11     | Reached XP level 13. HP: 97/103 MP: 13/13
 13929 | D:11     | Reached skill level 1 in Invocations
 14125 | D:12     | Reached skill level 10 in Fighting
 14144 | D:12     | Reached ****** piety under Okawaru
 14357 | D:12     | Found Zioteumm's Antique Weapon Emporium.
 14364 | D:12     | Received a gift from Okawaru
 14473 | D:12     | Reached skill level 13 in Staves
 14663 | D:12     | Found a staircase to the Orcish Mines.
 15166 | Lair:1   | Entered Level 1 of the Lair of Beasts
 15809 | Lair:2   | Received a gift from Okawaru
 16719 | Lair:2   | Gained mutation: You possess an exceptional clarity of mind. [potion of beneficial mutation]
 16812 | Lair:2   | Reached XP level 14. HP: 102/111 MP: 17/17
 17319 | Lair:3   | Received a gift from Okawaru
 17323 | Lair:3   | Reached skill level 5 in Invocations
 17326 | Lair:3   | Got a jewelled ring mail {god gift}
 17653 | Lair:3   | Reached skill level 1 in Shields
 19141 | Lair:4   | Found a staircase to the Shoals.
 19338 | Lair:5   | Found a hole to the Spider Nest.
 19369 | Lair:5   | Reached skill level 14 in Staves
 19569 | Lair:5   | Gained mutation: You are agile. (Dex +2) [potion of beneficial mutation]
 21394 | Lair:7   | Received a gift from Okawaru
 21638 | Lair:7   | Reached XP level 15. HP: 105/119 MP: 17/19
 21642 | Lair:7   | Reached skill level 5 in Shields
 22343 | Lair:8   | Entered Level 8 of the Lair of Beasts
 22562 | Lair:8   | Reached skill level 1 in Evocations
 22647 | Lair:8   | Received a gift from Okawaru
 22705 | Lair:8   | Found a staircase to the Slime Pits.
 22870 | Lair:8   | Received a gift from Okawaru
 23903 | Lair:8   | Reached skill level 15 in Staves
 23982 | Lair:6   | Reached XP level 16. HP: 121/127 MP: 21/21
 24629 | D:13     | Noticed a vault guard
 24630 | D:13     | Noticed a vault guard
 24644 | D:13     | Killed a vault guard
 24687 | D:13     | Killed a vault guard
 24735 | D:13     | Cast into the Abyss (a wizard)
 24876 | Abyss:1  | Noticed a tentacled starspawn
 24913 | Abyss:1  | Killed a tentacled starspawn
 25004 | Abyss:1  | Found a deep blue altar of Sif Muna.
 25013 | Abyss:1  | Received a gift from Okawaru
 25300 | Abyss:2  | Noticed a tentacled starspawn
 25353 | Abyss:2  | Noticed a lich
 25422 | Abyss:2  | Noticed a tentacled starspawn
 25428 | Abyss:2  | Killed a tentacled starspawn
 25540 | Abyss:3  | Found a corrupted altar of Lugonu.
 25548 | Abyss:3  | Noticed a tentacled starspawn
 25598 | Abyss:3  | Received a gift from Okawaru
 25641 | Abyss:3  | Killed a tentacled starspawn
 25698 | Abyss:3  | Got an abyssal rune of Zot
 25710 | Abyss:3  | Found a corrupted altar of Lugonu.
 25713 | Abyss:3  | HP: 1/90 [raiju (6)]
 25714 | Abyss:3  | Mangled by a spatial maelstrom

Action                   |  1- 3 |  4- 6 |  7- 9 | 10-12 | 13-15 | 16-18 || total
-------------------------+-------+-------+-------+-------+-------+-------++-------
Melee: Quarterstaff      |   103 |   142 |   556 |   189 |       |       ||   990
       Lajatang          |       |       |       |   483 |  1268 |   315 ||  2066
Throw: Throwing net      |       |       |     4 |       |       |       ||     4
Invok: Heroism           |       |       |       |       |     4 |     6 ||    10
 Abil: Dig               |       |     1 |    11 |    16 |    12 |    41 ||    81
Evoke: Wand              |       |       |       |    17 |       |     6 ||    23
       Lamp of fire      |       |       |       |       |       |     1 ||     1
       Phial of floods   |       |       |       |       |       |     1 ||     1
  Use: Scroll            |     3 |     1 |    11 |    11 |    12 |     2 ||    40
       Potion            |       |     1 |     1 |     2 |     2 |     9 ||    15
 Stab: Held in net/web   |       |       |     2 |       |       |       ||     2
       Invisible         |       |       |       |       |       |     2 ||     2
       Distracted        |       |       |       |       |       |     1 ||     1
  Eat: Chunk             |       |     7 |    15 |    24 |    26 |     3 ||    75
       Meat ration       |       |       |     2 |     1 |       |       ||     3
       Pizza             |       |       |       |     2 |       |     1 ||     3
       Beef jerky        |       |       |       |       |     1 |     2 ||     3
       Fruit             |       |       |       |       |     1 |     1 ||     2
       Royal jelly       |       |       |       |       |     1 |       ||     1
